 Dungeon Crawl Stone Soup version 0.30-a0-632-g346586fe48 (webtiles) character file.

Game seed: 1490362819642887110

148 wormed the Ruffian (level 5, -2/50 HPs)
             Began as a Troll Gladiator on Jan 13, 2023.
             Slain by a gnoll
             ... wielding a +0 flail
              (7 damage)
             ... on level 3 of the Dungeon.
             The game lasted 00:01:31 (1140 turns).

wormed the Ruffian (Troll Gladiator)                Turns: 1140, Time: 00:01:32

Health: -2/50      AC:  4    Str: 22    XL:     5   Next: 8%
Magic:  4/4        EV: 10    Int:  4    God:
Gold:   141        SH:  0    Dex: 13    Spells: 4/4 levels left

rFire   . . .      SeeInvis .      - Unarmed
rCold   . . .      Faith    .    (no shield)
rNeg    . . .      Spirit   .    a - +0 robe
rPois   .          Reflect  .    b - +0 hat
rElec   .          Harm     .    (no cloak)
rCorr   .          Rampage  .    (gloves unavailable)
Will    .....                    (boots unavailable)
Stlth   +                        (no amulet)
HPRegen 1.08/turn                (no ring)
MPRegen 0.09/turn                (no ring)

@: no status effects
A: large, unfitting armour, claws 3, regeneration 1, shaggy fur 1, tough skin 1
a: no special abilities


You were on level 3 of the Dungeon.
You visited 1 branch of the dungeon, and saw 3 of its levels.

You collected 141 gold pieces.

Inventory:

Missiles
 c - 3 throwing nets (quivered)
 d - a large rock
Armour
 a - a +0 robe (worn)
 b - a +0 hat (worn)
Jewellery
 f - an amulet of faith
Wands
 l - a wand of paralysis (11)
 p - a wand of flame (23)
Scrolls
 e - 4 scrolls of fear {unknown}
 g - a scroll of magic mapping {unknown}
 h - a scroll of blinking {unknown}
 i - a scroll of silence {unknown}
 k - 5 scrolls of identify {unknown}
 n - a scroll of noise {unknown}
Potions
 j - 3 potions of curing {unknown}
 m - a potion of brilliance {unknown}
 o - a potion of berserk rage {unknown}
 q - a potion of heal wounds {unknown}


   Skills:
 + Level 2.5 Fighting
 + Level 2.8 Throwing
 + Level 3.1 Dodging
 + Level 3.8 Unarmed Combat


You had 4 spell levels left.
You didn't know any spells.
Your spell library contained the following spells:

 Spells                   Type           Power      Damage    Failure   Level
 Scorch                   Fire           0%         2d5       65%         2
 Dazzling Flash           Conj/Hex       0%         N/A       86%         3
 Flame Wave               Conj/Fire      0%         2d4       99%         4
 Agony                    Necr           0%         N/A       100%        5
 Silence                  Hex/Air        0%         N/A       100%        5
 Summon Cactus Giant      Summ           0%         N/A       100%        6


Dungeon Overview and Level Annotations

Branches:
Dungeon (3/15)

Altars:


Innate Abilities, Weirdness & Mutations

You are too large for most types of armour.
You have claws for hands.
Your natural rate of healing is unusually fast.
You are covered in fur. (AC +1)
You have tough skin. (AC +1)


Message History

You are too injured to fight recklessly!
You are too injured to fight recklessly!
You are too injured to fight recklessly!
You are too injured to fight recklessly!
You are too injured to fight recklessly!
You are too injured to fight recklessly!
You are too injured to fight recklessly!
You are too injured to fight recklessly!
You are too injured to fight recklessly!
You are too injured to fight recklessly!
You are too injured to fight recklessly!
You are too injured to fight recklessly!
You claw the gnoll!
The gnoll is heavily wounded.
You scratch the gnoll.
The gnoll is almost dead.
The gnoll hits you with a +0 halberd.
You claw the gnoll!
You kill the gnoll!
You have reached level 5!
You scratch the gnoll.
The gnoll is heavily wounded.
You claw the gnoll!
You kill the gnoll!
The gnoll barely misses you.
You closely miss the gnoll.
The gnoll is heavily wounded.
The gnoll barely misses you. The gnoll hits you with a +0 flail.
You scratch the gnoll.
The gnoll is severely wounded.
The gnoll hits you from afar with a +0 spear!
The gnoll hits you with a +0 flail!
* * * LOW HITPOINT WARNING * * *
You scratch the gnoll but do no damage.
The gnoll is severely wounded.
The gnoll hits you from afar with a +0 spear.
* * * LOW HITPOINT WARNING * * *
The gnoll barely misses you. The gnoll attacks as you move away!
The gnoll hits you with a +0 flail!
You die...

#####
.....
....
##..# .g.
#g# #@#
###
#.###.#
#.....#
#####.#
#.# #.#
#######.#
#..)....#
#.#######


You could see 2 gnolls.

Vanquished Creatures
  Terence (D:3)
  3 adders (D:2)
  2 gnolls (D:3)
  A worm (D:3)
  A dart slug (D:1)
  6 orcs (D:3)
  5 endoplasms
  A giant cockroach (D:1)
  5 goblins
  5 hobgoblins
  7 jackals
  10 kobolds
  2 quokkas (D:1)
  4 ball pythons (D:2)
  2 bats (D:1)
  5 frilled lizards (D:1)
  4 rats
64 creatures vanquished.

Notes
Turn   | Place    | Note
-------+----------+-------------------------------------------
     0 | D:1      | wormed the Troll Gladiator began the quest for the Orb.
     0 | D:1      | Reached XP level 1. HP: 19/19 MP: 0/0
    68 | D:1      | Reached XP level 2. HP: 28/28 MP: 1/1
   157 | D:1      | Reached XP level 3. HP: 35/35 MP: 2/2
   511 | D:2      | Reached XP level 4. HP: 42/42 MP: 3/3
   795 | D:3      | Noticed Terence
   801 | D:3      | Killed Terence
  1135 | D:3      | Reached XP level 5. HP: 24/50 MP: 4/4
  1140 | D:3      | Slain by a gnoll

Illustrated notes

Levels and vault maps discovered:
D:1:      heliophobic_arrival_ceremonial_halls, layout_rooms, minmay_tromino_i4
D:2:      layout_rooms
D:3:      layout_basic, uniq_terence

Skill      XL: |  1  2  3  4 |
---------------+-------------+-----
Throwing       | 2 |  2.8
Fighting       | 2 |  2.5
Dodging        | 3 |  3.1
Unarmed Combat | |  3.8

Action                   |  1- 3 |  4- 6 || total
-------------------------+-------+-------++-------
Melee: Unarmed           |   101 |    62 ||   163
       Punch             |     2 |     3 ||     5
  Use: Scroll            |     1 |       ||     1
Armor: Robe              |    41 |    12 ||    53
Dodge: Dodged            |    79 |    33 ||   112

Table legend: (Time is in decaauts)
 A = Elapsed time spent in this place.
 B = Non-inter-level travel time spent in this place.
 C = Inter-level travel time spent in this place.
 D = Time resting spent in this place.
 E = Time spent auto-exploring this place.
 F = Levels seen in this place.
 G = Mean time per level.
                   A        B        C        D        E       F      G
               +--------+--------+--------+--------+--------+-----+--------+
         Total |   1129 |   1078 |     51 |      0 |    762 |   3 |  376.3 |
       Dungeon |   1129 |   1078 |     51 |      0 |    762 |   3 |  376.3 |
               +--------+--------+--------+--------+--------+-----+--------+

Top non-repeatable levels by time:
     D:3: 385 daAuts
     D:1: 385 daAuts
     D:2: 359 daAuts
